 Dungeon Crawl Stone Soup version 0.30.1-3-gfc49f6343a (webtiles) character file.

Game seed: 14413455860731939481

7066 tokicat the Fighter (level 10, 0/94 HPs)
             Began as a Minotaur Berserker on July 20, 2023.
             Was an Elder of Trog.
             Killed by an exploding yak (14 damage)
             ... ignited by their inner flame
             ... on level 1 of the Lair of Beasts on July 21, 2023.
             The game lasted 03:15:46 (8795 turns).

tokicat the Fighter (Minotaur Berserker)            Turns: 8795, Time: 03:15:47

Health: 0/94       AC: 14    Str: 23    XL:     10   Next: 83%
Magic:  9/9        EV: 10    Int:  7    God:    Trog [****..]
Gold:   514        SH:  4    Dex: 19    Spells: 9/9 levels left

rFire   . . .        w - +7 war axe "Lorem Ipsum" {heavy, rC+ Int+3}
rCold   + . .        P - +0 buckler
rNeg    . . .        Y - +2 chain mail
rPois   .            (helmet restricted)
rElec   .            A - +0 cloak
rCorr   +            (no gloves)
SInv    +            (no boots)
Will    .....        H - amulet of regeneration Stlth
                     c - ring of resist corrosion
HPRegen 1.15/turn    h - +6 ring of dexterity
MPRegen 0.11/turn

%: clarity
@: on berserk cooldown, slowed, very slow
A: horns 2, retaliatory headbutt, see invisible, clarity
a: Renounce Religion, Berserk, Trog's Hand, Brothers in Arms


You were on level 1 of the Lair of Beasts.
You worshipped Trog.
Trog was greatly pleased with you.
You visited 3 branches of the dungeon, and saw 11 of its levels.

You collected 514 gold pieces.

Inventory:

Hand Weapons
 k - a +2 battleaxe of freezing
 m - a +0 spectral morningstar
 r - a +1 flail of holy wrath
 w - the +7 war axe "Lorem Ipsum" (weapon) {heavy, rC+ Int+3}
   (You found it on level 8 of the Dungeon)

   Int:       It affects your intelligence (+3).
   rC:        It protects you from cold.
 B - a +0 hammer of chaos
 G - a +3 morningstar
 J - a +0 dire flail
 K - a +2 scimitar of electrocution
Missiles
 e - 32 stones
 n - 4 poisoned darts
 p - 3 boomerangs of dispersal
 R - a throwing net
 S - a javelin
 V - 3 boomerangs
Armour
 q - a +1 leather armour of fire resistance
 A - a +0 cloak (worn)
 D - +0 steam dragon scales
 P - a +0 buckler (worn)
 Y - a +2 chain mail (worn)
Jewellery
 c - a ring of resist corrosion (left hand)
 h - a +6 ring of dexterity (right hand)
 j - a +6 ring of intelligence
 l - a +6 ring of intelligence
 H - an amulet of regeneration (around neck)
 Z - a ring of ice
Wands
 b - a wand of polymorph (2)
 g - a wand of flame (21)
 i - a wand of quicksilver (2)
 u - a wand of paralysis (6)
 C - a wand of roots (19)
Scrolls
 a - a scroll of fog
 v - a scroll of blinking
 y - a scroll of teleportation
 I - a scroll of immolation
 L - a scroll of poison
 M - a scroll of noise
 N - 3 scrolls of fear
 U - a scroll of magic mapping
Potions
 f - a potion of lignification
 o - a potion of heal wounds (quivered)
 s - 2 potions of attraction
 t - a potion of berserk rage
 x - 2 potions of curing
 z - a potion of resistance
 E - 2 potions of degeneration {unknown}
 F - 2 potions of magic
 O - a potion of might
 W - 3 potions of flight


   Skills:
 * Level 10.8 Fighting
 - Level 0.1 Short Blades
 * Level 8.2(10.5) Axes
 + Level 10.3(11.9) Maces & Flails
 - Level 4.9(8.2) Staves
 - Level 0.1 Ranged Weapons
 + Level 8.5 Armour
 + Level 4.2 Dodging
 + Level 0.9 Shields
 + Level 3.5 Evocations


You had 9 spell levels left.
You didn't know any spells.
Your spell library contained the following spells:

 Spells                   Type           Power      Damage    Failure   Level
 Cigotuvi's Dreadful Rot  Necr/Pois/Air  0%         N/A       99%         2
 Ignite Poison            Fire/Tmut/Pois 0%         N/A       100%        3
 Passage of Golubria      Tloc           0%         N/A       100%        4
 Freezing Cloud           Conj/Ice/Air   0%         6-21      100%        5
 Silence                  Hex/Air        0%         N/A       100%        5
 Lehudib's Crystal Spear  Conj/Erth      0%         10d2      100%        8


Dungeon Overview and Level Annotations

Branches:
Dungeon (9/15)             Temple (1/1) D:4            Lair (1/5) D:9
    Orc: D:9-12

Altars:
Ashenzari
Cheibriados
Dithmenos
Elyvilon
Fedhas
Gozag
Hepliaklqana
Kikubaaqudgha
Makhleb
Nemelex Xobeh
Okawaru
Qazlal
Ru
Sif Muna
Trog
Uskayaw
Vehumet
Wu Jian
Xom
Yredelemnul
Zin
The Shining One

Shops:
D:4 :


Innate Abilities, Weirdness & Mutations

You have a pair of horns on your head.
You reflexively headbutt those who attack you in melee.
You have supernaturally acute eyesight. (SInv)
You possess an exceptional clarity of mind.


Message History

The yak gores you but does no damage.
You slice the yak!! Trog accepts your kill.
You slash the yak!
Flame seeps out of the yak.
You slash the yak!
Flame seeps out of the yak.
The yak explodes!
The fiery explosion engulfs the yak!!!
Trog accepts your kill. The fiery explosion engulfs you!
The yak explodes!
Trog accepts your kill.
You feel a bit more experienced.
The fiery explosion engulfs the yak!!!
Flame seeps out of the yak.
The yak is almost dead.
The fiery explosion engulfs the yak!!
Trog accepts your kill. The fiery explosion engulfs you!
The yak explodes!
The fiery explosion engulfs the yak!!
Flame seeps out of the yak.
The yak is severely wounded.
The fiery explosion engulfs the yak!!
Trog accepts your kill.
The yak explodes!
The fiery explosion engulfs the yak!!
Trog accepts your kill.
The yak explodes!
Trog accepts your kill.
You feel a bit more experienced.
You hear an explosion! x2
The fiery explosion engulfs the yak!!
Flame seeps out of the yak.
The yak is almost dead.
You are engulfed in blazing flames.
* * * LOW HITPOINT WARNING * * *
The yak is engulfed in blazing flames.
Trog accepts your kill.
The yak explodes!
The fiery explosion engulfs the yak!!
Flame seeps out of the yak.
The yak is almost dead.
The fiery explosion engulfs you!
You die...

..#... .## ##.....
...# ...#....## #....
....#....##...##
...#...........##.
......§Y§.(...##..
....§§§○§.(.......
#..YY#@§(.......
#§§§○§§...>....
##§§§§§........
#§§##†...)....
#.###†...........#
#.##..............# #.
#.............#
#######.............##
#..P#...............P#


You could see a yak (inner flame).

Vanquished Creatures
  A catoblepas (Lair:1)
  An ugly thing (D:9)
  A cane toad (Lair:1)
  A troll (D:9)
  2 hornets
  2 wyverns
  15 yaks (Lair:1)
  2 steam dragons
  Duvessa (D:7)
  A water moccasin (D:8)
  An orc warrior (D:9)
  A sky beast (D:7)
  2 black bears (D:9)
  An ogre (D:6)
  A phantom (D:5)
  A bullfrog (D:9)
  A kobold brigand (D:7)
  2 gnoll sergeants
  4 scorpions
  17 wights
  Dowan (D:7)
  10 killer bees
  6 howler monkeys
  3 hounds
  Crazy Yiuf (D:2)
  6 orc priests
  Ijyb (D:5)
  3 iguanas
  6 orc wizards
  8 gnolls
  8 adders
  A shadow imp (D:6)
  A white imp (D:8)
  A worm (D:2)
  A dart slug (D:2)
  31 orcs
  7 endoplasms
  4 giant cockroaches
  4 goblins
  5 hobgoblins
  4 jackals (D:5)
  2 quokkas
  8 ball pythons
  2 bats (D:1)
  4 frilled lizards
  10 kobolds
  7 rats
203 creatures vanquished.

Vanquished Creatures (others)
  A kobold zombie (D:3)
1 creature vanquished.

Grand Total: 204 creatures vanquished

Notes
Turn   | Place    | Note
-------+----------+-------------------------------------------
     0 | D:1      | tokicat the Minotaur Berserker began the quest for the Orb.
     0 | D:1      | Reached XP level 1. HP: 19/19 MP: 0/0
     4 | D:1      | 1
   306 | D:1      | Reached XP level 2. HP: 27/27 MP: 1/1
   781 | D:2      | Identified the +0 robe of the Heavens {Dex+3}
   829 | D:2      | Reached XP level 3. HP: 27/33 MP: 2/2
  1285 | D:2      | Reached ** piety under Trog
  1374 | D:2      | Found a runed translucent door.
  1375 | D:2      | Noticed Crazy Yiuf
  1382 | D:2      | Killed Crazy Yiuf
  1383 | D:2      | Reached skill level 5 in Maces & Flails
  1383 | D:2      | Reached XP level 4. HP: 41/41 MP: 3/3
  2522 | D:3      | Reached skill level 1 in Staves
  2550 | D:3      | Reached XP level 5. HP: 35/47 MP: 4/4
  3395 | D:4      | Found Ownilu's Book Shop.
  3721 | D:4      | Found a staircase to the Ecumenical Temple.
  4072 | D:4      | Found a shimmering blue altar of Sif Muna.
  4075 | D:4      | Reached XP level 6. HP: 55/55 MP: 5/5
  4171 | D:5      | Entered Level 5 of the Dungeon
  4311 | D:5      | Reached skill level 5 in Fighting
  4374 | D:5      | Gained mutation: You have hidden genetic potential. [potion
                  | of mutation]
  4374 | D:5      | Gained mutation: You are agile. (Dex +4, Str/Int -1)
                  | [potion of mutation]
  4374 | D:5      | Gained mutation: You have a pair of large horns on your
                  | head. [potion of mutation]
  4380 | D:5      | Reached skill level 1 in Evocations
  4472 | D:5      | Noticed Ijyb
  4479 | D:5      | Killed Ijyb
  5184 | Temple   | Entered the Ecumenical Temple
  5344 | D:6      | Noticed a steam dragon
  5351 | D:6      | Killed a steam dragon
  5352 | D:6      | Reached skill level 5 in Armour
  5352 | D:6      | Reached XP level 7. HP: 52/62 MP: 6/6
  5364 | D:6      | Gained mutation: Your muscles are strong. (Str +4, Int/Dex
                  | -1) [hidden potential]
  5476 | D:6      | Found a glowing drain.
  5550 | D:6      | Reached *** piety under Trog
  5824 | D:6      | Reached XP level 8. HP: 60/71 MP: 7/7
  5846 | D:6      | Gained mutation: Your mind is acute. (Int +4, Str/Dex -1)
                  | [hidden potential]
  5846 | D:6      | Lost mutation: You have hidden genetic potential. [hidden
                  | potential expressed]
  6268 | D:7      | Noticed Duvessa
  6273 | D:7      | Noticed Dowan
  6274 | D:7      | Killed Duvessa
  6275 | D:7      | Reached XP level 9. HP: 46/81 MP: 8/8
  6279 | D:7      | Killed Dowan
  6954 | D:8      | Reached skill level 10 in Maces & Flails
  7011 | D:8      | Identified the +7 war axe "Lorem Ipsum" {heavy, rC+ Int+3}
  7104 | D:8      | Found a shadowy altar of Dithmenos.
  7161 | D:8      | Found a stormy altar of Qazlal.
  7597 | D:8      | Lost mutation: Your mind is acute. (Int +4, Str/Dex -1)
                  | [potion of mutation]
  7597 | D:8      | Lost mutation: Your muscles are strong. (Str +4, Int/Dex
                  | -1) [potion of mutation]
  7597 | D:8      | Gained mutation: You are partially covered in iridescent
                  | scales. (AC +2) [potion of mutation]
  7597 | D:8      | Gained mutation: Your mind is acute. (Int +4, Str/Dex -1)
                  | [potion of mutation]
  7598 | D:8      | Lost mutation: You are partially covered in iridescent
                  | scales. (AC +2) [potion of mutation]
  7598 | D:8      | Lost mutation: You have a pair of large horns on your head.
                  | [potion of mutation]
  7598 | D:8      | Lost mutation: Your mind is acute. (Int +4, Str/Dex -1)
                  | [potion of mutation]
  7598 | D:8      | Gained mutation: You have very sharp teeth. [potion of
                  | mutation]
  7616 | D:9      | Reached skill level 1 in Axes
  7624 | D:9      | Reached **** piety under Trog
  7677 | D:9      | Noticed a purple ugly thing
  7688 | D:9      | Killed a purple ugly thing
  7747 | D:9      | Reached skill level 10 in Fighting
  7748 | D:9      | Reached XP level 10. HP: 80/92 MP: 9/9
  8060 | D:9      | Reached skill level 5 in Axes
  8085 | D:9      | Paralysed by a hornet for 3 turns
  8229 | D:9      | Lost mutation: You are agile. (Dex +4, Str/Int -1) [potion
                  | of mutation]
  8229 | D:9      | Lost mutation: You have very sharp teeth. [potion of
                  | mutation]
  8229 | D:9      | Gained mutation: You have supernaturally acute eyesight.
                  | (SInv) [potion of mutation]
  8229 | D:9      | Gained mutation: You possess an exceptional clarity of
                  | mind. [potion of mutation]
  8239 | D:9      | Found a staircase to the Lair.
  8629 | Lair:1   | Entered Level 1 of the Lair of Beasts
  8629 | Lair:1   | Noticed a cane toad
  8633 | Lair:1   | Killed a cane toad
  8769 | Lair:1   | Noticed a catoblepas
  8785 | Lair:1   | Killed a catoblepas
  8795 | Lair:1   | Killed by an exploding yak... ignited by their inner flame

Illustrated notes

..#≈≈≈~≈≈≈≈≈≈...
..≈≈≈≈≈~≈≈≈≈≈≈..
.≈≈≈≈≈≈~≈≈≈≈≈≈≈.
≈≈≈8≈≈~≈≈≈≈≈8≈≈≈
≈≈≈≈≈~≈≈≈≈≈≈≈≈≈≈
≈≈≈≈≈~≈≈≈...≈≈≈≈
≈≈≈≈≈~≈≈.≈≈≈.≈≈.
≈≈≈≈≈≈~>.≈≈≈≈.?≈
≈..≈≈≈≈@<~≈≈≈≈≈≈
.≈≈.≈≈≈.≈≈~≈≈≈≈≈
≈≈≈≈...≈≈≈~≈≈≈≈≈
≈≈≈≈≈≈≈≈≈≈~≈≈≈≈≈
≈≈≈8≈≈≈≈≈~≈≈8≈≈≈
.≈≈≈≈≈≈≈~≈≈≈≈≈≈.
>.≈≈≈≈≈≈~≈≈≈≈≈..
...≈≈≈≈≈≈~≈≈≈...


Turn 4 on D:1: 1

Levels and vault maps discovered:
D:1:      nzn_arrival_water_spiral, layout_rooms
D:2:      layout_loops_ring, minivault_19, minmay_tree_intersection,
          grunt_ministairs_10, uniq_crazy_yiuf_cottage
D:3:      layout_basic
D:4:      layout_cave_pools, kennysheep_orc_sif_temple,
          minmay_temple_entry_glass, serial_shops, nicolae_shop_behind_doors,
          kennysheep_generic_room_3
D:5:      layout_cave_pods, uniq_ijyb
D:6:      layout_basic, portal_sewer_entry_a, columned_hall_lemuel,
          minmay_hedge_maze
D:7:      layout_cave_pools, uniq_duvessa
D:8:      layout_loops_cross, mainiacjoe_overflow_catch_the_wave
D:9:      layout_long_grid, grunt_lair_entry_orc_guard_hut,
          serial_bayou_crossing
Temple:   hellmonk_temple_of_storms
Lair:1:   layout_cave_shapes, dreamdust_wasp_nest

Skill      XL: |  1  2  3  4  5  6  7  8  9 10 |
---------------+-------------------------------+-----
Maces & Flails | 4 5 6 8 10 | 10.3
Fighting       | 4 5 6 8 10 | 10.8
Armour         | 3 4 5 6 7 8 |  8.5
Staves         | 1 2 4 |  4.9
Evocations     | 1 2 3 |  3.5
Dodging        | 3 4 |  4.2
Axes           | 3 8 |  8.2
Short Blades   | |  0.1
Ranged Weapons | |  0.1
Shields        | |  0.9

Action                     |  1- 3 |  4- 6 |  7- 9 | 10-12 || total
---------------------------+-------+-------+-------+-------++-------
  Melee: Mace              |    30 |       |       |       ||    30
         Headbutt          |     8 |    13 |    65 |     6 ||    92
         Short sword       |    21 |       |       |       ||    21
         Quarterstaff      |       |    77 |       |       ||    77
         Hand axe          |       |     4 |       |       ||     4
         Morningstar       |       |    18 |   192 |       ||   210
         Punch             |       |       |     3 |       ||     3
         War axe           |       |       |    30 |    47 ||    77
         Bite              |       |       |     1 |     6 ||     7
   Fire: Sling             |     2 |       |       |       ||     2
  Throw: Javelin           |       |     9 |    11 |     4 ||    24
         Stone             |       |     1 |    33 |     4 ||    38
         Boomerang         |       |       |    11 |       ||    11
         Dart              |       |       |     2 |    11 ||    13
 Invoke: Berserk           |     1 |     1 |     3 |     1 ||     6
         Trog's Hand       |       |     3 |     4 |     2 ||     9
  Evoke: Wand              |     4 |    13 |    22 |     2 ||    41
    Use: Scroll            |     4 |     8 |     3 |     5 ||    20
         Potion            |     3 |     6 |     4 |     2 ||    15
   Stab: Paralysed         |     3 |     3 |     2 |       ||     8
         Distracted        |       |       |     1 |       ||     1
 Armour: Ring mail         |     8 |    35 |    13 |       ||    56
         Chain mail        |       |       |    15 |    31 ||    46
  Dodge: Dodged            |    28 |    60 |    56 |    30 ||   174
  Block: Buckler           |       |       |     5 |    20 ||    25
